 Dungeon Crawl Stone Soup version 0.30-a0-161-gdd60e06945 (webtiles) character file.

Game seed: 4017279050395095779

189 qw the Shield-Bearer (level 5, -7/32 HPs)
             Began as a Gargoyle Fighter on Sept 27, 2022.
             Mangled by an ogre
             ... wielding a +0 giant spiked club
              (18 damage)
             ... on level 4 of the Dungeon.
             The game lasted 00:01:11 (3212 turns).

qw the Shield-Bearer (Gargoyle Fighter)             Turns: 3212, Time: 00:01:12

Health: -7/32      AC: 15    Str: 22    XL:     5   Next: 68%
Magic:  5/5        EV:  8    Int:  8    God:
Gold:   222        SH:  8    Dex:  9    Spells: 4/4 levels left

rFire   . . .      SeeInvis .    Y - +0 war axe
rCold   . . .      Faith    .    i - +0 kite shield
rNeg    + . .      Spirit   .    b - +0 scale mail
rPois   inf        Reflect  .    (no helmet)
rElec   +          Harm     .    (no cloak)
rCorr   .          Rampage  .    k - +2 pair of gloves
Will    .....                    m - +0 pair of boots
Stlth   ..........               (no amulet)
HPRegen 0.10/turn                (no ring)
MPRegen 0.09/turn                (no ring)

@: no status effects
A: sickness immunity, AC +4, negative energy resistance 1, electricity
resistance, torment resistance 1, petrification resistance
a: no special abilities


You were on level 4 of the Dungeon.
You visited 1 branch of the dungeon, and saw 4 of its levels.

You collected 222 gold pieces.


Innate Abilities, Weirdness & Mutations

You are immune to sickness and miasma.
Your stone body is resilient. (AC +4)
You are immune to poison.
You resist negative energy. (rN+)
You are resistant to electric shocks. (rElec)
You are resistant to unholy torment.
You are immune to petrification.


   Skills:
 - Level 3.2 Fighting
 - Level 4.2 Axes
 - Level 3.2 Armour
 + Level 4.9 Shields


You had 4 spell levels left.
You didn't know any spells.
Your spell library was empty.

Inventory:

Hand Weapons
 h - a +1 hammer of venom
 Y - a +0 war axe (weapon)
Armour
 b - a +0 scale mail (worn)
 i - a +0 kite shield (worn)
 k - a +2 pair of gloves (worn)
 m - a +0 pair of boots (worn)
Scrolls
 a - a scroll of teleportation
 n - a scroll of identify
Potions
 c - a potion of ambrosia {unknown}
 d - a potion of might
 e - a potion of brilliance {unknown}
 g - a potion of cancellation {unknown}
 j - a potion of degeneration {unknown}
 l - a potion of heal wounds {unknown}
 o - a potion of curing {unknown}

Dungeon Overview and Level Annotations

Branches:
Dungeon (4/15)
 Temple: D:4-7

Altars:
Kikubaaqudgha
Uskayaw

Annotations:
D:2 1 runed translucent door, Crazy Yiuf


Message History

You kill the iguana!
You start resting.
The goblin shouts!
You hear a shout!
A goblin is nearby!
You barely miss the goblin. The goblin hits you but does no damage.
You closely miss the goblin. You block the goblin's attack.
The goblin barely misses you.
You hit the goblin.
The goblin is heavily wounded.
You block the goblin's attack.
You barely miss the goblin.
The goblin is heavily wounded.
The goblin hits you but does no damage. The goblin barely misses you.
You hit the goblin.
The goblin is severely wounded.
The goblin hits you with a +0 club.
You closely miss the goblin.
The goblin is severely wounded.
You block the goblin's attack. x2
You barely miss the goblin.
The goblin is severely wounded.
The goblin barely misses you.
You barely miss the goblin.
The goblin is severely wounded.
The goblin hits you but does no damage.
You barely miss the goblin.
The goblin is severely wounded.
The goblin barely misses you. The goblin hits you with a +0 club.
You slash the goblin!
You kill the goblin!
You start resting.
An ogre comes into view. It is wielding a +0 giant spiked club.
You barely miss the ogre.
The ogre hits you with a +0 giant spiked club!
You hit the ogre.
The ogre is lightly wounded.
The ogre hits you with a +0 giant spiked club!!
Ouch! That really hurt!
You die...

~~~~~~~~~~~~~..
#..................
#....~~~~~~~~~~~~
#.....#..#PP#P.##
#......PPPP.....##
...........<....#
........##.....##
#O###...........#
#@..# ##.##.....#
#.#.# ... #.....##
#.# ...# #.......
#.# ..# #.####'#
#.# #>.# #.+.....
#.# # #.#.#... #.#
#.#._. #.# #.#...
#.# +.(...


You could see an ogre.

Vanquished Creatures
  A kobold brigand (D:3)
  An iguana (D:4)
  4 adders
  An ufetubus (D:4)
  A worm (D:2)
  An orc (D:3)
  4 ball pythons
  A bat (D:1)
  4 endoplasms
  3 giant cockroaches
  6 hobgoblins
  12 kobolds
  4 frilled lizards
  4 goblins
  8 rats
  A spectral hobgoblin (D:1)
56 creatures vanquished.

Vanquished Creatures (others)
  8 plants (D:4)
8 creatures vanquished.

Grand Total: 64 creatures vanquished

Notes
Turn   | Place    | Note
-------+----------+-------------------------------------------
     0 | D:1      | qw the Gargoyle Fighter began the quest for the Orb.
     0 | D:1      | Reached XP level 1. HP: 14/14 MP: 1/1
     0 | D:1      | 0 ||| qw: Version: 0.2-a-10-g37ed214
     0 | D:1      | 0 ||| qw: Game counter: 686
     0 | D:1      | 0 ||| qw: Always use a shield: true
     0 | D:1      | 0 ||| qw: God list: Okawaru
     0 | D:1      | 0 ||| qw: Allow faded altars: false
     0 | D:1      | 0 ||| qw: Do Orc after D:15 true
     0 | D:1      | 0 ||| qw: Do second Lair branch before Depths: true
     0 | D:1      | 0 ||| qw: Lair rune preference: random
     0 | D:1      | 0 ||| qw: Plans: Normal, Zot:1-4, God:TSO, Crypt, Tomb,
                  | Pan, Slime:5, Hells, Abyss, Orb
     0 | D:1      | 0 ||| PLANNING D:1-11
   111 | D:1      | Found a faded altar of an unknown god.
   138 | D:1      | 138 ||| Stepping ~*~*~tactically~*~*~ (stealth).
   146 | D:1      | Reached XP level 2. HP: 19/19 MP: 2/2
  1144 | D:1      | 1144 ||| UPGRADING to +0 kite shield.
  1154 | D:1      | 1154 ||| DROPPING +0 buckler.
  1155 | D:1      | 1155 ||| UPGRADING to +0 pair of gloves.
  1160 | D:1      | 1160 ||| READING scroll labelled NYOMAE XEODDI.
  1362 | D:2      | Reached skill level 3 in Axes
  1493 | D:2      | Reached XP level 3. HP: 23/23 MP: 3/3
  1845 | D:2      | 1845 ||| DROPPING +0 whip.
  1850 | D:2      | 1850 ||| DROPPING +0 hammer of holy wrath.
  1853 | D:2      | Found a runed translucent door.
  1854 | D:2      | Noticed Crazy Yiuf
  2125 | D:2      | 2125 ||| UPGRADING to +2 pair of gloves.
  2135 | D:2      | 2135 ||| DROPPING +0 pair of gloves.
  2136 | D:2      | 2136 ||| READING 2 scrolls labelled FEGEX QUYL GOSACS.
  2177 | D:2      | 2177 ||| READING scroll labelled GENECOILLA.
  2178 | D:2      | 2178 ||| READING scroll labelled QUROIL QUEXKAF.
  2179 | D:2      | 2179 ||| READING scroll labelled WUNGUR TAOPS.
  2180 | D:2      | 2180 ||| READING scroll labelled LOS GINOCUISA.
  2252 | D:3      | 2252 ||| Stepping ~*~*~tactically~*~*~ (stealth).
  2303 | D:3      | 2303 ||| READING scroll labelled QAH VUEFFAI.
  2319 | D:3      | 2319 ||| Stepping ~*~*~tactically~*~*~ (stealth).
  2366 | D:3      | 2366 ||| Stepping ~*~*~tactically~*~*~ (stealth).
  2382 | D:3      | 2382 ||| Stepping ~*~*~tactically~*~*~ (stealth).
  2387 | D:3      | 2387 ||| FLEEEEING.
  2388 | D:3      | 2388 ||| FLEEEEING.
  2389 | D:3      | 2389 ||| FLEEEEING.
  2403 | D:3      | 2403 ||| Stepping ~*~*~tactically~*~*~ (stealth).
  2408 | D:3      | 2408 ||| Stepping ~*~*~tactically~*~*~ (stealth).
  2409 | D:3      | 2409 ||| Stepping ~*~*~tactically~*~*~ (stealth).
  2433 | D:3      | 2433 ||| Stepping ~*~*~tactically~*~*~ (stealth).
  2434 | D:3      | 2434 ||| Stepping ~*~*~tactically~*~*~ (stealth).
  2470 | D:3      | 2470 ||| Stepping ~*~*~tactically~*~*~ (stealth).
  2506 | D:3      | Noticed a kobold brigand
  2512 | D:3      | Reached XP level 4. HP: 25/28 MP: 4/4
  2524 | D:3      | Killed a kobold brigand
  2525 | D:3      | Reached XP level 5. HP: 20/32 MP: 5/5
  2703 | D:3      | 2703 ||| Stepping ~*~*~tactically~*~*~ (stealth).
  2709 | D:3      | 2709 ||| Stepping ~*~*~tactically~*~*~ (stealth).
  2719 | D:3      | 2719 ||| Stepping ~*~*~tactically~*~*~ (stealth).
  2720 | D:3      | 2720 ||| Stepping ~*~*~tactically~*~*~ (stealth).
  2722 | D:3      | 2722 ||| Stepping ~*~*~tactically~*~*~ (stealth).
  2726 | D:3      | 2726 ||| Stepping ~*~*~tactically~*~*~ (stealth).
  2727 | D:3      | 2727 ||| Stepping ~*~*~tactically~*~*~ (stealth).
  3019 | D:3      | Found a hide-covered altar of Uskayaw.
  3022 | D:3      | 3022 ||| UPGRADING to +0 pair of boots.
  3027 | D:3      | 3027 ||| DRINKING 2 fizzy silvery potions.
  3028 | D:3      | 3028 ||| READING 2 scrolls of identify.
  3028 | D:3      | 3028 ||| IDENTIFYING lumpy inky potion
  3029 | D:3      | 3029 ||| DROPPING potion of berserk rage.
  3030 | D:3      | 3030 ||| DROPPING potion of magic.
  3055 | D:4      | 3055 ||| STAIRDANCE
  3061 | D:4      | 3061 ||| Stepping ~*~*~tactically~*~*~ (stealth).
  3078 | D:4      | Found an ancient bone altar of Kikubaaqudgha.
  3204 | D:4      | Noticed an ogre
  3212 | D:4      | Mangled by an ogre

Levels and vault maps discovered:
D:1:      nicolae_arrival_somewhat_less_tricky_arrival, layout_loops_cross,
          dreamdust_ecumenical_altar_drowned_temple
D:2:      layout_loops_cross, uniq_crazy_yiuf_cottage
D:3:      cheibrodos_thug_alley, layout_rooms, nicolae_uskayaw_suspiria
D:4:      layout_basic, nicolae_elyvilon_temple_path,
          mainiacjoe_overflow_concentric_impassable, trog_three_pillars_becter,
          mainiacjoe_overflow_six_doors_small

Skill      XL: |  1  2  3  4 |
---------------+-------------+-----
Axes           | 2 3 4 |  4.2
Shields        | 4 |  4.9
Fighting       | |  3.2
Armour         | |  3.2

Action                   |  1- 3 |  4- 6 || total
-------------------------+-------+-------++-------
Melee: War axe           |   125 |    79 ||   204
  Use: Scroll            |     7 |     1 ||     8
       Potion            |       |     1 ||     1
Armor: Scale mail        |    70 |    43 ||   113
Dodge: Dodged            |    41 |    26 ||    67
Block: Buckler           |     5 |       ||     5
       Kite shield       |    25 |    29 ||    54

Table legend:
 A = Non-vault XP
 B = Vault XP
 C = Vault XP percentage of total XP
 D = Non-vault monster count
 E = Vault monster count
 F = Vault count percentage of total count
                 A         B        C        D         E       F
            +---------+---------+-------+---------+---------+-------
      Total |     165 |     106 |  39.1 |      48 |       8 |  14.3
            +---------+---------+-------+---------+---------+-------
        D:1 |      25 |       1 |   3.8 |      17 |       1 |   5.6
        D:2 |      27 |       0 |   0.0 |       8 |       0 |   0.0
        D:3 |      53 |     105 |  66.5 |      19 |       7 |  26.9
        D:4 |      60 |       0 |   0.0 |       4 |       0 |   0.0
            +---------+---------+-------+---------+---------+-------
